Panthers vs Coyotes
Created - March 2, 2020 at 19:21
Goals
|
Panthers |
0 |
2 |
0 |
0 |
2 |
3 |
Coyotes |
1 |
1 |
0 |
0 |
1 |
2 |
|
Shots
|
Panthers |
10 |
14 |
12 |
0 |
5 |
36 |
Coyotes |
8 |
12 |
10 |
2 |
5 |
32 |
|
1st period
1. Coyotes , Jamie Arniel 11 (Kristopher Letang 20, Martin Samuelsson 11) at 12:49
Penalties :
Marian Gaborik (Ari) for Holding (Minor) at 7:59
2nd period
2. Coyotes , Martin Samuelsson 4 (Jamie Arniel 13, Michael Del Zotto 18) at 1:55
3. Panthers , Erik Gudbranson 7 (Drew Stafford 23, Alex Galchenyuk 32) at 7:19 (PP)
4. Panthers , Rickard Rakell 4 (Erik Gudbranson 21, Travis Zajac 13) at 11:12 (PP)
Penalties :
Martin Samuelsson (Ari) for High sticking (Minor) at 6:23, Brad Richards (Ari) for Interference (Minor) at 9:47, Brandon Gormley (Flo) for Roughing (Minor) at 14:30, Evgeny Artyukhin (Ari) for Tripping (Minor) at 17:02
3rd period
No Goal
Penalties :
Anton Stralman (Ari) for Interference (Minor) at 3:34, Erik Gudbranson (Flo) for Hooking (Minor) at 7:00, Zach Parise (Ari) for Hooking (Minor) at 8:15
Overtime #1
No Goal
Penalties :
No Penalty
Shootout
Panthers, Alex Galchenyuk - Goal!
Coyotes, Tyler Ennis - Stopped by Petr Mrazek
Panthers, Kyle Wellwood - Stopped by Thomas McCollum
Coyotes, Marian Gaborik - Goal!
Panthers, Daniel Paille - Stopped by Thomas McCollum
Coyotes, Zach Parise - Stopped by Petr Mrazek
Panthers, Travis Zajac - Stopped by Thomas McCollum
Coyotes, Nazem Kadri - Stopped by Petr Mrazek
Panthers, David Booth - Goal!
Coyotes, Brad Richards - Shot Misses the Net
Penalties :
No Penalty
Goalie Stats
Petr Mrazek (Flo), 30 saves from 32 shots - (0.938), W, 20-15-2, 65:00 minutes
Thomas McCollum (Ari), 34 saves from 36 shots - (0.944), OTL, 7-8-2, 65:00 minutes
Players Stats for Panthers
Player Name G A P +/- PIM S H SB GA TA FO MP PP MP PK MP
------------------------------------------------------------------------------------
Alex Galchenyuk 0 1 1 0 0 1 0 1 1 1 0/1 25:14 6:21 0:54
Brandon Gormley 0 0 0 0 2 1 2 1 0 1 0/0 20:06 2:16 0:56
Daniel Paille 0 0 0 0 0 3 0 0 0 0 0/0 11:15 0:00 0:04
David Booth 0 0 0 -1 0 3 5 0 0 0 0/0 17:15 3:12 0:00
Drew Stafford 0 1 1 0 0 1 3 0 0 0 0/1 23:17 6:16 1:45
Erik Gudbranson 1 1 2 -1 2 3 4 2 1 0 0/0 29:15 7:22 0:47
Guillaume Desbiens 0 0 0 0 0 4 0 0 0 0 0/0 9:20 0:00 0:00
Jonathan Sigalet 0 0 0 -1 0 2 2 1 0 0 0/0 26:04 3:04 1:18
Kyle Wellwood 0 0 0 0 0 2 0 1 2 0 1/4 11:05 0:00 0:31
Linus Omark 0 0 0 -1 0 3 1 0 1 0 0/0 10:42 0:00 0:58
Matt Duchene 0 0 0 0 0 3 1 0 1 0 14/27 24:57 6:21 0:30
Matt Irwin 0 0 0 -1 0 0 0 1 1 0 0/0 14:13 0:00 0:13
Patrick Eaves 0 0 0 -1 0 0 0 0 0 1 0/0 9:44 0:00 0:00
Rickard Rakell 1 0 1 -1 0 1 3 0 0 1 0/0 15:18 3:12 0:00
Stephen Weiss 0 0 0 -1 0 1 2 0 0 0 3/3 10:18 0:00 0:00
Steve Montador 0 0 0 -1 0 2 3 0 0 1 0/0 15:16 0:00 1:18
Taylor Chorney 0 0 0 0 0 3 2 0 0 1 0/0 25:12 6:29 1:56
Travis Zajac 0 1 1 -1 0 3 3 1 0 1 4/21 17:29 3:12 1:46
Players Stats for Coyotes
Player Name G A P +/- PIM S H SB GA TA FO MP PP MP PK MP
------------------------------------------------------------------------------------
Andrew MacDonald 0 0 0 0 0 0 0 0 0 0 0/0 2:21 0:00 0:00
Anton Stralman 0 0 0 1 2 1 1 2 0 1 0/0 25:05 2:10 4:36
Brad Richards 0 0 0 0 2 0 1 0 0 1 5/11 18:40 1:36 2:38
Chris Stewart 0 0 0 0 0 1 1 0 0 0 0/0 16:01 1:36 0:00
Evgeny Artyukhin 0 0 0 2 2 2 0 0 0 0 1/1 13:12 0:00 1:46
Jamie Arniel 1 1 2 2 0 5 5 0 0 1 14/18 18:50 0:00 6:15
Josh Gorges 0 0 0 1 0 3 1 2 0 0 0/0 22:06 1:04 3:21
Kristopher Letang 0 1 1 1 0 1 0 1 0 2 0/0 28:00 2:10 6:12
Marian Gaborik 0 0 0 0 2 6 3 1 0 0 0/1 22:37 1:38 0:04
Martin Samuelsson 1 1 2 2 2 2 0 1 0 1 0/0 18:48 0:00 5:22
Matt Donovan 0 0 0 0 0 1 0 0 1 1 0/0 14:38 0:00 0:00
Michael Del Zotto 0 1 1 1 0 0 1 3 3 0 0/0 22:06 1:04 3:21
Nazem Kadri 0 0 0 0 0 2 1 1 1 0 13/21 18:41 1:38 0:00
Nick Bonino 0 0 0 0 0 0 0 0 0 0 0/0 5:58 0:00 0:00
Ramzi Abid 0 0 0 0 0 1 0 0 0 0 0/0 6:44 0:00 1:01
Thomas Hickey 0 0 0 0 0 2 2 1 0 0 0/0 16:30 0:00 1:36
Tyler Ennis 0 0 0 0 0 4 4 0 1 0 2/5 19:53 1:38 0:04
Zach Parise 0 0 0 0 2 1 1 0 1 0 0/0 19:27 1:35 1:56
3 Stars
1 - Jamie Arniel (Ari)
2 - Erik Gudbranson (Flo)
3 - Martin Samuelsson (Ari)
Power Play
Panthers - 2 on 6 Attempt(s) - 33.33%
Coyotes - 0 on 2 Attempt(s) - 0.00%
Penalty Kill
Panthers - 2 on 2 Attempt(s) - 100.00%
- Score 0 goal in Penalty Kill
Coyotes - 4 on 6 Attempt(s) - 66.67%
- Score 0 goal in Penalty Kill
Team Stat
Panthers - Hits : 31 - Faceoff Wins : 22 - Blocked Shots : 8 - Penalty Minutes : 4
Coyotes - Hits : 21 - Faceoff Wins : 35 - Blocked Shots : 12 - Penalty Minutes : 12
Official
Referees : Unknown
Linesman : Unknown
Game Notes
No Game Note
Finance
Level 1 -- Attendance: 5635 (93.92%) -- Ticket Income $591,675
Level 2 -- Attendance: 3959 (79.18%) -- Ticket Income $269,212
Level 3 -- Attendance: 1997 (99.85%) -- Ticket Income $79,880
Level 4 -- Attendance: 2942 (73.55%) -- Ticket Income $88,260
Luxury Box -- Attendance: 938 (93.80%) -- Ticket Income $168,840
Game was played at the The Pack Center.
Total Attendance: 15471 (85.95%)
Total Ticket Income: $1,197,867
Other Income: $179,680
Total Income: $1,377,547
Panthers
5 vs 5 Forward
Center Left Wing Right Wing Time % Phy DF OF
1 Matt Duchene Alex Galchenyuk Drew Stafford 40 0 2 3
2 Travis Zajac David Booth Rickard Rakell 30 0 2 3
3 Stephen Weiss Linus Omark Patrick Eaves 20 0 3 2
4 Kyle Wellwood Daniel Paille Guillaume Desbiens 10 1 2 2
5 vs 5 Defense
Defense Defense Time % Phy DF OF
1 Erik Gudbranson Jonathan Sigalet 40 0 2 3
2 Taylor Chorney Brandon Gormley 30 0 2 3
3 Steve Montador Matt Irwin 20 0 3 2
4 Erik Gudbranson Jonathan Sigalet 10 0 2 3
PowerPlay Forward
Center Left Wing Right Wing Time % Phy DF OF
1 Matt Duchene Alex Galchenyuk Drew Stafford 60 0 1 4
2 Travis Zajac David Booth Rickard Rakell 40 0 1 4
PowerPlay Defense
Defense Defense Time % Phy DF OF
1 Erik Gudbranson Taylor Chorney 60 0 2 3
2 Jonathan Sigalet Brandon Gormley 40 0 2 3
Penalty Kill 4 Players Forward
Center Wing Time % Phy DF OF
1 Travis Zajac Drew Stafford 60 1 3 1
2 Kyle Wellwood Linus Omark 40 1 3 1
Penalty Kill 4 Players Defense
Defense Defense Time % Phy DF OF
1 Erik Gudbranson Taylor Chorney 60 1 4 0
2 Jonathan Sigalet Steve Montador 40 1 4 0
Penalty Kill - 3 Players Forward
Forward Time % Phy DF OF
1 Drew Stafford 60 1 3 1
2 Travis Zajac 40 1 3 1
Penalty Kill - 3 Players Defense
Defense Defense Time % Phy DF OF
1 Erik Gudbranson Taylor Chorney 60 1 4 0
2 Jonathan Sigalet Steve Montador 40 1 4 0
4 vs 4 Forward
Center Wing Time % Phy DF OF
1 Matt Duchene Alex Galchenyuk 60 0 2 3
2 Travis Zajac David Booth 40 0 2 3
4 vs 4 Defense
Defense Defense Time % Phy DF OF
1 Erik Gudbranson Jonathan Sigalet 60 0 2 3
2 Taylor Chorney Brandon Gormley 40 1 2 2
Last Minutes Offensive
Center Left Wing Right Wing Defense Defense
Matt Duchene Alex Galchenyuk Drew Stafford Erik Gudbranson Jonathan Sigalet
Last Minutes Defensive
Center Left Wing Right Wing Defense Defense
Travis Zajac Linus Omark Drew Stafford Erik Gudbranson Taylor Chorney
Goaltenders
Starting : Petr Mrazek
Backup : Braden Holtby
Extra Forwards
Normal : David Booth, Alex Galchenyuk, Matt Duchene - PP : David Booth, Alex Galchenyuk - PK : Linus Omark
Extra Defensemen
Normal : Brandon Gormley, Taylor Chorney, Erik Gudbranson - PP : Brandon Gormley - PK : Brandon Gormley, Taylor Chorney
Penalty Shots
Alex Galchenyuk, Kyle Wellwood, Daniel Paille, Travis Zajac, David Booth
Scratches
Chad Larose (Sore Right Knee Injury), Christian Ehrhoff (Healthy), Marek Svatos (Torn Left ACL Injury), Lubomir Visnovsky (Healthy)
Coyotes
5 vs 5 Forward
Center Left Wing Right Wing Time % Phy DF OF
1 Nazem Kadri Tyler Ennis Marian Gaborik 40 1 2 2
2 Brad Richards Zach Parise Chris Stewart 30 1 2 2
3 Jamie Arniel Martin Samuelsson Evgeny Artyukhin 20 1 2 2
4 Nick Bonino Ramzi Abid Marian Gaborik 10 1 2 2
5 vs 5 Defense
Defense Defense Time % Phy DF OF
1 Kristopher Letang Anton Stralman 40 1 2 2
2 Josh Gorges Michael Del Zotto 30 1 2 2
3 Matt Donovan Thomas Hickey 20 1 2 2
4 Andrew MacDonald Kristopher Letang 10 1 2 2
PowerPlay Forward
Center Left Wing Right Wing Time % Phy DF OF
1 Nazem Kadri Tyler Ennis Marian Gaborik 60 1 2 2
2 Brad Richards Zach Parise Chris Stewart 40 1 2 2
PowerPlay Defense
Defense Defense Time % Phy DF OF
1 Kristopher Letang Anton Stralman 60 1 2 2
2 Josh Gorges Michael Del Zotto 40 1 2 2
Penalty Kill 4 Players Forward
Center Wing Time % Phy DF OF
1 Jamie Arniel Martin Samuelsson 60 1 2 2
2 Brad Richards Zach Parise 40 1 2 2
Penalty Kill 4 Players Defense
Defense Defense Time % Phy DF OF
1 Kristopher Letang Anton Stralman 60 1 2 2
2 Josh Gorges Michael Del Zotto 40 1 2 2
Penalty Kill - 3 Players Forward
Forward Time % Phy DF OF
1 Tyler Ennis 60 1 2 2
2 Marian Gaborik 40 1 2 2
Penalty Kill - 3 Players Defense
Defense Defense Time % Phy DF OF
1 Kristopher Letang Anton Stralman 60 1 2 2
2 Josh Gorges Michael Del Zotto 40 1 2 2
4 vs 4 Forward
Center Wing Time % Phy DF OF
1 Tyler Ennis Marian Gaborik 60 1 2 2
2 Zach Parise Nazem Kadri 40 1 2 2
4 vs 4 Defense
Defense Defense Time % Phy DF OF
1 Kristopher Letang Anton Stralman 60 1 2 2
2 Josh Gorges Michael Del Zotto 40 1 2 2
Last Minutes Offensive
Center Left Wing Right Wing Defense Defense
Nazem Kadri Tyler Ennis Marian Gaborik Kristopher Letang Anton Stralman
Last Minutes Defensive
Center Left Wing Right Wing Defense Defense
Nazem Kadri Tyler Ennis Marian Gaborik Kristopher Letang Anton Stralman
Goaltenders
Starting : Thomas McCollum
Backup : Maxime Daigneault
Extra Forwards
Normal : Jamie Arniel, Martin Samuelsson, Evgeny Artyukhin - PP : Jamie Arniel, Martin Samuelsson - PK : Evgeny Artyukhin
Extra Defensemen
Normal : Matt Donovan, Thomas Hickey, Andrew MacDonald - PP : Matt Donovan - PK : Thomas Hickey, Andrew MacDonald
Penalty Shots
Tyler Ennis, Marian Gaborik, Zach Parise, Nazem Kadri, Brad Richards
Scratches
Mike Weber (Healthy)
% Time on Ice - Panthers
Lines # - Real PCT - Wanted PCT - Time Play
Normal Forward
1 - 34% - 40% - 15:37
2 - 25% - 30% - 11:48
3 - 21% - 20% - 9:44
4 - 20% - 10% - 9:20
Normal Defense
1 - 37% - 40% - 17:06
2 - 32% - 30% - 14:40
3 - 29% - 20% - 13:33
4 - 3% - 10% - 1:10
PP Forward
1 - 66% - 60% - 6:21
2 - 34% - 40% - 3:12
PP Defense
1 - 79% - 60% - 7:34
2 - 21% - 40% - 1:59
PK Forward
1 - 84% - 60% - 2:43
2 - 16% - 40% - 0:31
PK Defense
1 - 60% - 60% - 1:56
2 - 40% - 40% - 1:18
PK3 Forward
1 - 0% - 60%
2 - 0% - 40%
PK3 Defense
1 - 0% - 60%
2 - 0% - 40%
44 Forward
1 - 88% - 60% - 5:01
2 - 13% - 40% - 0:43
44 Defense
1 - 65% - 60% - 3:42
2 - 35% - 40% - 2:02
Last Minute Offensive - 0:00
Last Minute Defensive - 0:00
Total
Forward - 65:00
Defense - 65:00
|
% Time on Ice - Coyotes
Lines # - Real PCT - Wanted PCT - Time Play
Normal Forward
1 - 36% - 40% - 16:49
2 - 34% - 30% - 15:43
3 - 18% - 20% - 8:23
4 - 12% - 10% - 5:34
Normal Defense
1 - 32% - 40% - 15:03
2 - 33% - 30% - 15:17
3 - 30% - 20% - 13:48
4 - 5% - 10% - 2:21
PP Forward
1 - 51% - 60% - 1:38
2 - 49% - 40% - 1:36
PP Defense
1 - 67% - 60% - 2:10
2 - 33% - 40% - 1:04
PK Forward
1 - 76% - 60% - 7:15
2 - 24% - 40% - 2:18
PK Defense
1 - 65% - 60% - 6:12
2 - 35% - 40% - 3:21
PK3 Forward
1 - 0% - 60%
2 - 0% - 40%
PK3 Defense
1 - 0% - 60%
2 - 0% - 40%
44 Forward
1 - 75% - 60% - 4:17
2 - 25% - 40% - 1:27
44 Defense
1 - 44% - 60% - 2:30
2 - 56% - 40% - 3:14
Last Minute Offensive - 0:00
Last Minute Defensive - 0:00
Total
Forward - 65:00
Defense - 65:00
|
Play-by-Play
1st period
0:01 of 1st period - Matt Duchene wins face-off versus Nazem Kadri in neutral zone.
0:35 of 1st period - Wrist shot by Travis Zajac.
0:35 of 1st period - Stopped by Thomas McCollum without a rebound.
0:36 of 1st period - Stephen Weiss wins face-off versus Brad Richards in Coyotes zone.
0:43 of 1st period - Wrist shot by Patrick Eaves.
0:43 of 1st period - Shot Misses the Net.
0:45 of 1st period - Backhand shot by Stephen Weiss.
0:45 of 1st period - Shot Misses the Net.
0:47 of 1st period - Wrist shot by Linus Omark.
0:47 of 1st period - Shot Blocked by Michael Del Zotto.
0:49 of 1st period - Slapshot by Linus Omark.
0:49 of 1st period - Stopped by Thomas McCollum with a rebound.
0:51 of 1st period - Slapshot by Taylor Chorney.
0:51 of 1st period - Stopped by Thomas McCollum without a rebound.
0:52 of 1st period - Jamie Arniel wins face-off versus Kyle Wellwood in Coyotes zone.
0:59 of 1st period - Wrist shot by Guillaume Desbiens.
0:59 of 1st period - Stopped by Thomas McCollum without a rebound.
1:00 of 1st period - Jamie Arniel wins face-off versus Kyle Wellwood in Coyotes zone.
1:13 of 1st period - Slapshot by Matt Donovan.
1:13 of 1st period - Shot Misses the Net.
1:15 of 1st period - Backhand shot by Matt Donovan.
1:15 of 1st period - Shot Blocked by Kyle Wellwood.
1:55 of 1st period - Slapshot by Stephen Weiss.
1:55 of 1st period - Shot Hit the Post.
2:09 of 1st period - Nazem Kadri is hit by Matt Duchene and loses puck.
2:36 of 1st period - Snap shot by Jamie Arniel.
2:36 of 1st period - Shot Misses the Net.
2:38 of 1st period - Slapshot by Martin Samuelsson.
2:38 of 1st period - Shot Blocked by Travis Zajac.
2:40 of 1st period - Snap shot by Jamie Arniel.
2:40 of 1st period - Stopped by Petr Mrazek with a rebound.
4:06 of 1st period - Backhand shot by Nick Bonino.
4:06 of 1st period - Shot Misses the Net.
4:08 of 1st period - Snap shot by Nick Bonino.
4:08 of 1st period - Shot Misses the Net.
4:10 of 1st period - Snap shot by Nick Bonino.
4:10 of 1st period - Shot Blocked by Matt Irwin.
4:44 of 1st period - Daniel Paille is hit by Josh Gorges and loses puck.
5:42 of 1st period - Slapshot by Matt Donovan.
5:42 of 1st period - Stopped by Petr Mrazek with a rebound.
5:44 of 1st period - Wrist shot by Evgeny Artyukhin.
5:44 of 1st period - Stopped by Petr Mrazek with a rebound.
5:54 of 1st period - Tyler Ennis is hit by Jonathan Sigalet and loses puck.
6:01 of 1st period - Snap shot by Guillaume Desbiens.
6:01 of 1st period - Shot Blocked by Anton Stralman.
7:28 of 1st period - Snap shot by Matt Duchene.
7:28 of 1st period - Shot Misses the Net.
7:30 of 1st period - Slapshot by Jonathan Sigalet.
7:30 of 1st period - Stopped by Thomas McCollum with a rebound.
7:34 of 1st period - Slapshot by Drew Stafford.
7:34 of 1st period - Shot Blocked by Josh Gorges.
7:36 of 1st period - Slapshot by Erik Gudbranson.
7:36 of 1st period - Stopped by Thomas McCollum without a rebound.
7:37 of 1st period - Travis Zajac wins face-off versus Nazem Kadri in Coyotes zone.
7:38 of 1st period - Slapshot by David Booth.
7:38 of 1st period - Stopped by Thomas McCollum without a rebound.
7:39 of 1st period - Nazem Kadri wins face-off versus Travis Zajac in Coyotes zone.
7:39 of 1st period - Nazem Kadri is hit by Travis Zajac.
7:44 of 1st period - Off-side.
7:45 of 1st period - Nazem Kadri wins face-off versus Travis Zajac in neutral zone.
7:59 of 1st period - Minor Penalty to Marian Gaborik for Holding.
8:00 of 1st period - Matt Duchene wins face-off versus Jamie Arniel in Coyotes zone.
8:11 of 1st period - Snap shot by Alex Galchenyuk.
8:11 of 1st period - Shot Misses the Net.
8:13 of 1st period - Snap shot by Drew Stafford.
8:13 of 1st period - Shot Misses the Net.
8:15 of 1st period - Slapshot by Brandon Gormley.
8:15 of 1st period - Shot Misses the Net.
9:29 of 1st period - Icing by Brandon Gormley.
9:30 of 1st period - Travis Zajac wins face-off versus Brad Richards in Panthers zone.
9:49 of 1st period - Jonathan Sigalet is hit by Jamie Arniel and loses puck.
9:59 of 1st period - Penalty to Marian Gaborik is over, Marian Gaborik is back on ice.
10:14 of 1st period - Snap shot by Zach Parise.
10:14 of 1st period - Deflect By Jonathan Sigalet.
10:14 of 1st period - Stopped by Petr Mrazek with a rebound.
10:26 of 1st period - Zach Parise is hit by Stephen Weiss and loses puck.
12:07 of 1st period - Martin Samuelsson is hit by Rickard Rakell.
12:16 of 1st period - Snap shot by David Booth.
12:16 of 1st period - Stopped by Thomas McCollum without a rebound.
12:17 of 1st period - Nazem Kadri wins face-off versus Matt Duchene in Coyotes zone.
12:41 of 1st period - Off-side.
12:42 of 1st period - Jamie Arniel wins face-off versus Travis Zajac in neutral zone.
12:45 of 1st period - Snap shot by Jamie Arniel.
12:45 of 1st period - Shot Misses the Net.
12:47 of 1st period - Slapshot by Kristopher Letang.
12:47 of 1st period - Shot Misses the Net.
12:49 of 1st period - Snap shot by Jamie Arniel.
12:49 of 1st period - Goal by Jamie Arniel - Panthers : 0 - Coyotes : 1.
12:50 of 1st period - Matt Duchene wins face-off versus Tyler Ennis in neutral zone.
12:52 of 1st period - Erik Gudbranson is hit by Marian Gaborik and loses puck.
12:59 of 1st period - Snap shot by Tyler Ennis.
12:59 of 1st period - Shot Blocked by Alex Galchenyuk.
13:01 of 1st period - Slapshot by Marian Gaborik.
13:01 of 1st period - Stopped by Petr Mrazek with a rebound.
13:17 of 1st period - Zach Parise is hit by David Booth and loses puck.
14:23 of 1st period - Off-side.
14:24 of 1st period - Matt Duchene wins face-off versus Brad Richards in neutral zone.
14:39 of 1st period - Wrist shot by Matt Duchene.
14:39 of 1st period - Shot Misses the Net.
14:41 of 1st period - Snap shot by Drew Stafford.
14:41 of 1st period - Shot Blocked by Anton Stralman.
14:43 of 1st period - Snap shot by Drew Stafford.
14:43 of 1st period - Shot Misses the Net.
14:45 of 1st period - Slapshot by Steve Montador.
14:45 of 1st period - Stopped by Thomas McCollum without a rebound.
14:46 of 1st period - Nazem Kadri wins face-off versus Travis Zajac in Coyotes zone.
14:46 of 1st period - Nazem Kadri is hit by Travis Zajac.
14:56 of 1st period - Slapshot by Marian Gaborik.
14:56 of 1st period - Shot Misses the Net.
14:58 of 1st period - Wrist shot by Kristopher Letang.
14:58 of 1st period - Deflect By Nazem Kadri.
14:58 of 1st period - Shot Misses the Net.
14:58 of 1st period - Puck is out of play.
14:59 of 1st period - Matt Duchene wins face-off versus Nazem Kadri in Panthers zone.
14:59 of 1st period - Matt Duchene is hit by Marian Gaborik.
15:17 of 1st period - Nazem Kadri is hit by Drew Stafford and loses puck.
15:45 of 1st period - Snap shot by Marian Gaborik.
15:45 of 1st period - Stopped by Petr Mrazek with a rebound.
16:17 of 1st period - Snap shot by Marian Gaborik.
16:17 of 1st period - Stopped by Petr Mrazek without a rebound.
16:18 of 1st period - Brad Richards wins face-off versus Travis Zajac in Panthers zone.
17:21 of 1st period - Slapshot by Matt Irwin.
17:21 of 1st period - Shot Blocked by Martin Samuelsson.
17:23 of 1st period - Snap shot by Linus Omark.
17:23 of 1st period - Stopped by Thomas McCollum with a rebound.
18:03 of 1st period - Evgeny Artyukhin is hit by Rickard Rakell and loses puck.
18:14 of 1st period - Thomas Hickey is hit by Linus Omark.
18:35 of 1st period - Andrew MacDonald is hit by Drew Stafford and loses puck.
19:09 of 1st period - Anton Stralman is hit by Erik Gudbranson and loses puck.
19:20 of 1st period - Stephen Weiss is hit by Thomas Hickey.
19:36 of 1st period - Chris Stewart is hit by Drew Stafford and loses puck.
Goals for this period are 0 for Panthers vs 1 for Coyotes.
Shots for this period are 10 for Panthers vs 8 for Coyotes.
2nd period
0:01 of 2nd period - Matt Duchene wins face-off versus Nazem Kadri in neutral zone.
0:27 of 2nd period - Kristopher Letang is hit by Erik Gudbranson and loses puck.
0:58 of 2nd period - Slapshot by Martin Samuelsson.
0:58 of 2nd period - Stopped by Petr Mrazek without a rebound.
0:59 of 2nd period - Nazem Kadri wins face-off versus Matt Duchene in Panthers zone.
1:26 of 2nd period - Chris Stewart is hit by David Booth and loses puck.
1:53 of 2nd period - Snap shot by Jamie Arniel.
1:53 of 2nd period - Stopped by Petr Mrazek with a rebound.
1:55 of 2nd period - Snap shot by Martin Samuelsson.
1:55 of 2nd period - Goal by Martin Samuelsson - Panthers : 0 - Coyotes : 2.
1:56 of 2nd period - Matt Duchene wins face-off versus Nazem Kadri in neutral zone.
2:01 of 2nd period - Slapshot by Matt Duchene.
2:01 of 2nd period - Deflect By Drew Stafford.
2:01 of 2nd period - Shot Misses the Net.
2:01 of 2nd period - Puck is out of play.
2:02 of 2nd period - Matt Duchene wins face-off versus Nazem Kadri in Coyotes zone.
2:08 of 2nd period - Off-side.
2:09 of 2nd period - Matt Duchene wins face-off versus Nazem Kadri in neutral zone.
2:17 of 2nd period - Snap shot by Tyler Ennis.
2:17 of 2nd period - Stopped by Petr Mrazek without a rebound.
2:18 of 2nd period - Matt Duchene wins face-off versus Nazem Kadri in Panthers zone.
2:29 of 2nd period - Snap shot by Tyler Ennis.
2:29 of 2nd period - Stopped by Petr Mrazek with a rebound.
2:41 of 2nd period - Snap shot by Marian Gaborik.
2:41 of 2nd period - Stopped by Petr Mrazek without a rebound.
2:42 of 2nd period - Travis Zajac wins face-off versus Brad Richards in Panthers zone.
3:57 of 2nd period - Brad Richards is hit by Rickard Rakell and loses puck.
4:04 of 2nd period - Slapshot by Travis Zajac.
4:04 of 2nd period - Shot Misses the Net.
4:24 of 2nd period - Snap shot by Tyler Ennis.
4:24 of 2nd period - Stopped by Petr Mrazek with a rebound.
4:36 of 2nd period - Evgeny Artyukhin is hit by Stephen Weiss and loses puck.
4:58 of 2nd period - Off-side.
4:59 of 2nd period - Brad Richards wins face-off versus Alex Galchenyuk in neutral zone.
5:16 of 2nd period - Snap shot by Chris Stewart.
5:16 of 2nd period - Stopped by Petr Mrazek without a rebound.
5:17 of 2nd period - Nazem Kadri wins face-off versus Travis Zajac in Panthers zone.
6:23 of 2nd period - Minor Penalty to Martin Samuelsson for High sticking.
6:24 of 2nd period - Jamie Arniel wins face-off versus Matt Duchene in Coyotes zone.
6:33 of 2nd period - Wrist shot by Erik Gudbranson.
6:33 of 2nd period - Deflect By Matt Duchene.
6:33 of 2nd period - Shot Misses the Net.
6:33 of 2nd period - Puck is out of play.
6:34 of 2nd period - Jamie Arniel wins face-off versus Matt Duchene in Coyotes zone.
7:13 of 2nd period - Wrist shot by Alex Galchenyuk.
7:13 of 2nd period - Stopped by Thomas McCollum with a rebound.
7:15 of 2nd period - Wrist shot by Drew Stafford.
7:15 of 2nd period - Stopped by Thomas McCollum with a rebound.
7:17 of 2nd period - Slapshot by Erik Gudbranson.
7:17 of 2nd period - Shot Hit the Post.
7:19 of 2nd period - Wrist shot by Erik Gudbranson.
7:19 of 2nd period - Goal by Erik Gudbranson - Panthers : 1 - Coyotes : 2.
7:20 of 2nd period - Nazem Kadri wins face-off versus Travis Zajac in neutral zone.
7:29 of 2nd period - Wrist shot by Tyler Ennis.
7:29 of 2nd period - Stopped by Petr Mrazek with a rebound.
7:51 of 2nd period - Snap shot by Daniel Paille.
7:51 of 2nd period - Stopped by Thomas McCollum without a rebound.
7:52 of 2nd period - Kyle Wellwood wins face-off versus Brad Richards in Coyotes zone.
7:53 of 2nd period - Snap shot by Brandon Gormley.
7:53 of 2nd period - Deflect By Matt Donovan.
7:53 of 2nd period - Stopped by Thomas McCollum with a rebound.
7:55 of 2nd period - Snap shot by Guillaume Desbiens.
7:55 of 2nd period - Stopped by Thomas McCollum with a rebound.
8:19 of 2nd period - Brandon Gormley is hit by Chris Stewart and loses puck.
8:38 of 2nd period - Slapshot by Daniel Paille.
8:38 of 2nd period - Stopped by Thomas McCollum with a rebound.
8:40 of 2nd period - Slapshot by Taylor Chorney.
8:40 of 2nd period - Shot Misses the Net.
9:02 of 2nd period - Wrist shot by Kyle Wellwood.
9:02 of 2nd period - Shot Misses the Net.
9:34 of 2nd period - Snap shot by Guillaume Desbiens.
9:34 of 2nd period - Stopped by Thomas McCollum with a rebound.
9:47 of 2nd period - Minor Penalty to Brad Richards for Interference.
9:48 of 2nd period - Jamie Arniel wins face-off versus Matt Duchene in Coyotes zone.
10:14 of 2nd period - Martin Samuelsson is hit by David Booth and loses puck.
10:35 of 2nd period - Snap shot by Anton Stralman.
10:35 of 2nd period - Stopped by Petr Mrazek without a rebound.
10:36 of 2nd period - Evgeny Artyukhin wins face-off versus Matt Duchene in Panthers zone.
11:12 of 2nd period - Slapshot by Erik Gudbranson.
11:12 of 2nd period - Deflect By Rickard Rakell.
11:12 of 2nd period - Goal by Rickard Rakell - Panthers : 2 - Coyotes : 2.
11:13 of 2nd period - Nazem Kadri wins face-off versus Matt Duchene in neutral zone.
11:40 of 2nd period - Matt Irwin is hit by Jamie Arniel.
12:12 of 2nd period - Snap shot by Stephen Weiss.
12:12 of 2nd period - Stopped by Thomas McCollum with a rebound.
12:31 of 2nd period - Nazem Kadri is hit by Steve Montador and loses puck.
12:54 of 2nd period - Wrist shot by Martin Samuelsson.
12:54 of 2nd period - Shot Misses the Net.
12:56 of 2nd period - Slapshot by Thomas Hickey.
12:56 of 2nd period - Deflect By Alex Galchenyuk.
12:56 of 2nd period - Stopped by Petr Mrazek with a rebound.
12:58 of 2nd period - Wrist shot by Matt Donovan.
12:58 of 2nd period - Shot Misses the Net.
13:10 of 2nd period - Slapshot by Travis Zajac.
13:10 of 2nd period - Stopped by Thomas McCollum with a rebound.
13:28 of 2nd period - Wrist shot by Stephen Weiss.
13:28 of 2nd period - Shot Misses the Net.
13:30 of 2nd period - Slapshot by Jonathan Sigalet.
13:30 of 2nd period - Shot Misses the Net.
13:50 of 2nd period - Wrist shot by Marian Gaborik.
13:50 of 2nd period - Stopped by Petr Mrazek with a rebound.
14:00 of 2nd period - Wrist shot by Kyle Wellwood.
14:00 of 2nd period - Shot Blocked by Josh Gorges.
14:12 of 2nd period - Evgeny Artyukhin is hit by Taylor Chorney and loses puck.
14:30 of 2nd period - Minor Penalty to Brandon Gormley for Roughing.
14:31 of 2nd period - Nazem Kadri wins face-off versus Travis Zajac in Panthers zone.
14:40 of 2nd period - Wrist shot by Marian Gaborik.
14:40 of 2nd period - Shot Misses the Net.
14:42 of 2nd period - Slapshot by Kristopher Letang.
14:42 of 2nd period - Shot Misses the Net.
14:56 of 2nd period - Drew Stafford is hit by Brad Richards.
16:30 of 2nd period - Penalty to Brandon Gormley is over, Brandon Gormley is back on ice.
16:45 of 2nd period - Off-side.
16:46 of 2nd period - Stephen Weiss wins face-off versus Jamie Arniel in neutral zone.
16:51 of 2nd period - Snap shot by Linus Omark.
16:51 of 2nd period - Stopped by Thomas McCollum with a rebound.
17:02 of 2nd period - Minor Penalty to Evgeny Artyukhin for Tripping.
17:03 of 2nd period - Jamie Arniel wins face-off versus Matt Duchene in Coyotes zone.
17:19 of 2nd period - Slapshot by Taylor Chorney.
17:19 of 2nd period - Stopped by Thomas McCollum without a rebound.
17:20 of 2nd period - Travis Zajac wins face-off versus Jamie Arniel in Coyotes zone.
17:46 of 2nd period - Icing by Matt Duchene.
17:47 of 2nd period - Jamie Arniel wins face-off versus Matt Duchene in Panthers zone.
17:48 of 2nd period - Slapshot by Michael Del Zotto.
17:48 of 2nd period - Shot Blocked by Erik Gudbranson.
18:56 of 2nd period - Jamie Arniel is hit by Erik Gudbranson and loses puck.
19:02 of 2nd period - Penalty to Evgeny Artyukhin is over, Evgeny Artyukhin is back on ice.
19:17 of 2nd period - Snap shot by Matt Duchene.
19:17 of 2nd period - Shot Blocked by Kristopher Letang.
19:31 of 2nd period - Slapshot by Matt Duchene.
19:31 of 2nd period - Shot Misses the Net.
19:33 of 2nd period - Wrist shot by Drew Stafford.
19:33 of 2nd period - Shot Misses the Net.
19:35 of 2nd period - Snap shot by Matt Duchene.
19:35 of 2nd period - Stopped by Thomas McCollum without a rebound.
19:36 of 2nd period - Nazem Kadri wins face-off versus Travis Zajac in Coyotes zone.
Goals for this period are 2 for Panthers vs 1 for Coyotes.
Shots for this period are 14 for Panthers vs 12 for Coyotes.
3rd period
0:01 of 3rd period - Nazem Kadri wins face-off versus Drew Stafford in neutral zone.
0:12 of 3rd period - Anton Stralman is hit by Jonathan Sigalet and loses puck.
0:33 of 3rd period - Slapshot by Erik Gudbranson.
0:33 of 3rd period - Stopped by Thomas McCollum without a rebound.
0:34 of 3rd period - Brad Richards wins face-off versus Travis Zajac in Coyotes zone.
0:37 of 3rd period - Slapshot by Travis Zajac.
0:37 of 3rd period - Stopped by Thomas McCollum without a rebound.
0:38 of 3rd period - Nazem Kadri wins face-off versus Travis Zajac in Coyotes zone.
1:09 of 3rd period - Slapshot by Josh Gorges.
1:09 of 3rd period - Shot Hit the Post.
1:27 of 3rd period - Jonathan Sigalet is hit by Jamie Arniel and loses puck.
1:50 of 3rd period - Wrist shot by Marian Gaborik.
1:50 of 3rd period - Shot Misses the Net.
1:54 of 3rd period - Slapshot by Ramzi Abid.
1:54 of 3rd period - Shot Blocked by Erik Gudbranson.
1:56 of 3rd period - Slapshot by Ramzi Abid.
1:56 of 3rd period - Stopped by Petr Mrazek without a rebound.
1:57 of 3rd period - Brad Richards wins face-off versus Matt Duchene in Panthers zone.
2:49 of 3rd period - Snap shot by Kyle Wellwood.
2:49 of 3rd period - Stopped by Thomas McCollum with a rebound.
3:05 of 3rd period - Slapshot by Nazem Kadri.
3:05 of 3rd period - Stopped by Petr Mrazek with a rebound.
3:15 of 3rd period - Wrist shot by Marian Gaborik.
3:15 of 3rd period - Stopped by Petr Mrazek without a rebound.
3:16 of 3rd period - Matt Duchene wins face-off versus Brad Richards in Panthers zone.
3:34 of 3rd period - Minor Penalty to Anton Stralman for Interference.
3:35 of 3rd period - Matt Duchene wins face-off versus Jamie Arniel in Coyotes zone.
3:41 of 3rd period - Snap shot by Matt Duchene.
3:41 of 3rd period - Stopped by Thomas McCollum without a rebound.
3:42 of 3rd period - Jamie Arniel wins face-off versus Matt Duchene in Coyotes zone.
4:19 of 3rd period - Wrist shot by Alex Galchenyuk.
4:19 of 3rd period - Shot Hit the Post.
4:21 of 3rd period - Snap shot by Taylor Chorney.
4:21 of 3rd period - Shot Misses the Net.
4:23 of 3rd period - Snap shot by Matt Duchene.
4:23 of 3rd period - Shot Blocked by Thomas Hickey.
4:25 of 3rd period - Snap shot by Matt Duchene.
4:25 of 3rd period - Stopped by Thomas McCollum without a rebound.
4:26 of 3rd period - Jamie Arniel wins face-off versus Travis Zajac in Coyotes zone.
4:37 of 3rd period - Slapshot by Jonathan Sigalet.
4:37 of 3rd period - Shot Blocked by Michael Del Zotto.
4:39 of 3rd period - Slapshot by Jonathan Sigalet.
4:39 of 3rd period - Stopped by Thomas McCollum without a rebound.
4:40 of 3rd period - Jamie Arniel wins face-off versus Travis Zajac in Coyotes zone.
5:34 of 3rd period - Penalty to Anton Stralman is over, Anton Stralman is back on ice.
6:10 of 3rd period - Kyle Wellwood is hit by Tyler Ennis and loses puck.
7:00 of 3rd period - Minor Penalty to Erik Gudbranson for Hooking.
7:01 of 3rd period - Nazem Kadri wins face-off versus Travis Zajac in Panthers zone.
7:04 of 3rd period - Snap shot by Tyler Ennis.
7:04 of 3rd period - Shot Misses the Net.
7:20 of 3rd period - Drew Stafford is hit by Tyler Ennis and loses puck.
7:41 of 3rd period - Wrist shot by Zach Parise.
7:41 of 3rd period - Shot Misses the Net.
8:15 of 3rd period - Minor Penalty to Zach Parise for Hooking.
8:16 of 3rd period - Tyler Ennis wins face-off versus Matt Duchene in Coyotes zone.
8:21 of 3rd period - Matt Duchene is hit by Marian Gaborik and loses puck.
8:36 of 3rd period - Icing by Kristopher Letang.
8:37 of 3rd period - Matt Duchene wins face-off versus Tyler Ennis in Coyotes zone.
9:00 of 3rd period - Penalty to Erik Gudbranson is over, Erik Gudbranson is back on ice.
9:16 of 3rd period - Snap shot by David Booth.
9:16 of 3rd period - Stopped by Thomas McCollum without a rebound.
9:17 of 3rd period - Jamie Arniel wins face-off versus Travis Zajac in Coyotes zone.
10:15 of 3rd period - Penalty to Zach Parise is over, Zach Parise is back on ice.
10:24 of 3rd period - Slapshot by Zach Parise.
10:24 of 3rd period - Shot Misses the Net.
10:26 of 3rd period - Backhand shot by Josh Gorges.
10:26 of 3rd period - Shot Misses the Net.
10:28 of 3rd period - Slapshot by Josh Gorges.
10:28 of 3rd period - Shot Blocked by Jonathan Sigalet.
10:30 of 3rd period - Slapshot by Josh Gorges.
10:30 of 3rd period - Stopped by Petr Mrazek with a rebound.
10:32 of 3rd period - Snap shot by Josh Gorges.
10:32 of 3rd period - Shot Misses the Net.
10:34 of 3rd period - Slapshot by Josh Gorges.
10:34 of 3rd period - Stopped by Petr Mrazek with a rebound.
10:36 of 3rd period - Slapshot by Michael Del Zotto.
10:36 of 3rd period - Deflect By Evgeny Artyukhin.
10:36 of 3rd period - Stopped by Petr Mrazek without a rebound.
10:37 of 3rd period - Stephen Weiss wins face-off versus Marian Gaborik in Panthers zone.
11:04 of 3rd period - Thomas Hickey is hit by David Booth and loses puck.
11:31 of 3rd period - Snap shot by Jamie Arniel.
11:31 of 3rd period - Stopped by Petr Mrazek with a rebound.
12:22 of 3rd period - Slapshot by Kristopher Letang.
12:22 of 3rd period - Stopped by Petr Mrazek without a rebound.
12:23 of 3rd period - Brad Richards wins face-off versus Travis Zajac in Panthers zone.
12:24 of 3rd period - Snap shot by Zach Parise.
12:24 of 3rd period - Shot Blocked by Brandon Gormley.
12:30 of 3rd period - Brad Richards is hit by Brandon Gormley and loses puck.
12:58 of 3rd period - Matt Duchene is hit by Tyler Ennis and loses puck.
14:03 of 3rd period - Kyle Wellwood is hit by Anton Stralman and loses puck.
15:04 of 3rd period - Snap shot by Jamie Arniel.
15:04 of 3rd period - Stopped by Petr Mrazek with a rebound.
15:36 of 3rd period - Matt Irwin is hit by Jamie Arniel and loses puck.
15:45 of 3rd period - Wrist shot by Kyle Wellwood.
15:45 of 3rd period - Shot Blocked by Nazem Kadri.
15:47 of 3rd period - Snap shot by Guillaume Desbiens.
15:47 of 3rd period - Stopped by Thomas McCollum with a rebound.
16:09 of 3rd period - Chris Stewart is hit by Erik Gudbranson and loses puck.
16:22 of 3rd period - Martin Samuelsson is hit by Brandon Gormley and loses puck.
16:29 of 3rd period - Matt Donovan is hit by Taylor Chorney and loses puck.
16:40 of 3rd period - Thomas Hickey is hit by Steve Montador and loses puck.
17:15 of 3rd period - Snap shot by Daniel Paille.
17:15 of 3rd period - Stopped by Thomas McCollum with a rebound.
17:17 of 3rd period - Snap shot by Kyle Wellwood.
17:17 of 3rd period - Shot Blocked by Michael Del Zotto.
17:19 of 3rd period - Slapshot by Daniel Paille.
17:19 of 3rd period - Shot Misses the Net.
17:21 of 3rd period - Snap shot by Brandon Gormley.
17:21 of 3rd period - Shot Misses the Net.
17:23 of 3rd period - Slapshot by Taylor Chorney.
17:23 of 3rd period - Stopped by Thomas McCollum with a rebound.
17:25 of 3rd period - Snap shot by Kyle Wellwood.
17:25 of 3rd period - Stopped by Thomas McCollum with a rebound.
18:10 of 3rd period - Slapshot by Jonathan Sigalet.
18:10 of 3rd period - Shot Blocked by Marian Gaborik.
18:12 of 3rd period - Slapshot by Steve Montador.
18:12 of 3rd period - Stopped by Thomas McCollum without a rebound.
18:13 of 3rd period - Jamie Arniel wins face-off versus Travis Zajac in Coyotes zone.
18:50 of 3rd period - Patrick Eaves is hit by Nazem Kadri and loses puck.
19:23 of 3rd period - Matt Donovan is hit by Steve Montador and loses puck.
19:42 of 3rd period - Nazem Kadri is hit by David Booth and loses puck.
19:57 of 3rd period - Slapshot by Thomas Hickey.
19:57 of 3rd period - Stopped by Petr Mrazek without a rebound.
19:58 of 3rd period - Jamie Arniel wins face-off versus Matt Duchene in Panthers zone.
19:59 of 3rd period - Slapshot by Marian Gaborik.
19:59 of 3rd period - Shot Misses the Net.
Goals for this period are 0 for Panthers vs 0 for Coyotes.
Shots for this period are 12 for Panthers vs 10 for Coyotes.
Overtime #1
0:01 of 1st overtime period - Matt Duchene wins face-off versus Tyler Ennis in neutral zone.
1:23 of 1st overtime period - Snap shot by Josh Gorges.
1:23 of 1st overtime period - Stopped by Petr Mrazek without a rebound.
1:24 of 1st overtime period - Tyler Ennis wins face-off versus Kyle Wellwood in Panthers zone.
2:02 of 1st overtime period - Daniel Paille is hit by Zach Parise.
2:31 of 1st overtime period - Kyle Wellwood is hit by Jamie Arniel and loses puck.
2:54 of 1st overtime period - Jamie Arniel is hit by Travis Zajac and loses puck.
3:07 of 1st overtime period - Alex Galchenyuk is hit by Michael Del Zotto and loses puck.
3:24 of 1st overtime period - Travis Zajac is hit by Tyler Ennis.
4:15 of 1st overtime period - Snap shot by Nazem Kadri.
4:15 of 1st overtime period - Stopped by Petr Mrazek with a rebound.
4:46 of 1st overtime period - Brandon Gormley is hit by Thomas Hickey and loses puck.
Goals for this period are 0 for Panthers vs 0 for Coyotes.
Shots for this period are 0 for Panthers vs 2 for Coyotes.
ShootOut
5:00 of 1st overtime period - Round #1.
5:00 of 1st overtime period - Panthers, Alex Galchenyuk.
5:00 of 1st overtime period - Backhand shot by Alex Galchenyuk.
5:00 of 1st overtime period - Goal by Alex Galchenyuk.
5:00 of 1st overtime period - Coyotes, Tyler Ennis.
5:00 of 1st overtime period - Deke by Tyler Ennis.
5:00 of 1st overtime period - Stopped by Petr Mrazek.
5:00 of 1st overtime period - Round #2.
5:00 of 1st overtime period - Panthers, Kyle Wellwood.
5:00 of 1st overtime period - Deke by Kyle Wellwood.
5:00 of 1st overtime period - Stopped by Thomas McCollum.
5:00 of 1st overtime period - Coyotes, Marian Gaborik.
5:00 of 1st overtime period - Wrist shot by Marian Gaborik.
5:00 of 1st overtime period - Goal by Marian Gaborik.
5:00 of 1st overtime period - Round #3.
5:00 of 1st overtime period - Panthers, Daniel Paille.
5:00 of 1st overtime period - Snap shot by Daniel Paille.
5:00 of 1st overtime period - Stopped by Thomas McCollum.
5:00 of 1st overtime period - Coyotes, Zach Parise.
5:00 of 1st overtime period - Snap shot by Zach Parise.
5:00 of 1st overtime period - Stopped by Petr Mrazek.
5:00 of 1st overtime period - Round #4.
5:00 of 1st overtime period - Panthers, Travis Zajac.
5:00 of 1st overtime period - Wrist shot by Travis Zajac.
5:00 of 1st overtime period - Stopped by Thomas McCollum.
5:00 of 1st overtime period - Coyotes, Nazem Kadri.
5:00 of 1st overtime period - Wrist shot by Nazem Kadri.
5:00 of 1st overtime period - Stopped by Petr Mrazek.
5:00 of 1st overtime period - Round #5.
5:00 of 1st overtime period - Panthers, David Booth.
5:00 of 1st overtime period - Snap shot by David Booth.
5:00 of 1st overtime period - Goal by David Booth.
5:00 of 1st overtime period - Coyotes, Brad Richards.
5:00 of 1st overtime period - Deke by Brad Richards.
5:00 of 1st overtime period - Shot Misses the Net.
Back to the Top